[Event "ICC tourney 1955 (60 10)"]
[Site "Internet Chess Club"]
[Date "2020.08.07"]
[Round "1"]
[White "Atharva10"]
[Black "oregonchessguy"]
[Result "0-1"]
[ICCResult "White resigns"]
[WhiteElo "2046"]
[BlackElo "2031"]
[Opening "QGD: Albin counter-gambit"]
[ECO "D08"]
[NIC "QG.02"]
[Time "12:22:18"]
[TimeControl "3600+10"]

1. d4 d5 2. c4 e5 3. dxe5 d4 4. Nf3 Nc6 5. e3 Bb4+ 6. Bd2 dxe3 7. Bxb4 exf2+
8. Ke2 Qxd1+ 9. Kxd1 Nxb4 10. Nc3 Be6 11. b3 O-O-O+ 12. Ke2 Ne7 13. Kxf2 Bg4
14. a3 Nd3+ 15. Bxd3 Rxd3 16. Rac1 Bxf3 17. gxf3 Ng6 18. Rhe1 Re8 19. b4
Nxe5 20. a4 Rxf3+ 21. Kg2 Rf4 22. Nd5 Rg4+ 23. Kf1 c6 24. Nc3 Re6 25. b5
Rf4+ 26. Kg2 Rg6+ 27. Kh1 Nd3 {White resigns} 0-1

[Event "ICC tourney 1955 (60 10)"]
[Site "Internet Chess Club"]
[Date "2020.08.07"]
[Round "1"]
[White "rockinroll"]
[Black "mopaska1106"]
[Result "1-0"]
[ICCResult "Black resigns"]
[WhiteElo "1842"]
[BlackElo "2004"]
[Opening "Dutch"]
[ECO "A80"]
[NIC "HD.12"]
[Time "12:21:52"]
[TimeControl "3600+10"]

1. d4 f5 2. Bf4 Nf6 3. e3 g6 4. h4 h6 5. Nf3 d6 6. d5 Nbd7 7. Nc3 Bg7 8. Nd4
Ne5 9. Bb5+ Kf7 10. Bxe5 dxe5 11. Ne6 Qd6 12. Bc4 a6 13. Nxg7 Kxg7 14. f3
Qb6 15. Qc1 Qc5 16. Bb3 b5 17. a3 Bb7 18. e4 c6 19. Qd2 cxd5 20. Bxd5 Nxd5
21. exd5 Rhd8 22. O-O-O Rac8 23. Qe2 Qd6 24. h5 Rxc3 25. bxc3 Qxa3+ 26. Kb1
Qxc3 27. Rd3 Qc7 28. hxg6 Qd6 29. Qe1 Qf6 30. Qc3 Rc8 31. Qb4 Rc4 32. Qd2
{Black resigns}
1-0

[Event "ICC tourney 1955 (60 10)"]
[Site "Internet Chess Club"]
[Date "2020.08.07"]
[Round "1"]
[White "Blue-Elephant1"]
[Black "Coolio9000"]
[Result "1-0"]
[ICCResult "Black resigns"]
[WhiteElo "2101"]
[BlackElo "1850"]
[Opening "Queen's gambit accepted"]
[ECO "D20"]
[NIC "QG.03"]
[Time "12:21:35"]
[TimeControl "3600+10"]

1. d4 d5 2. c4 dxc4 3. e3 e5 4. Bxc4 exd4 5. exd4 Bd6 6. Nf3 Nf6 7. O-O O-O
8. Nc3 Nc6 9. Bg5 h6 10. Bh4 Bg4 11. Kh1 g5 12. Bg3 Bxf3 13. Qxf3 Nxd4 14.
Qd3 Nc6 15. Qg6+ Kh8 16. Qxh6+ Nh7 17. Bxd6 cxd6 18. Rad1 Ne5 19. Bb3 Qd7
20. Qxd6 Qf5 21. Ne2 Rad8 22. Ng3 Qf4 23. Qxd8 Rxd8 24. Rxd8+ Kg7 25. Nh5+
{Black resigns}
1-0

[Event "ICC tourney 1955 (60 10)"]
[Site "Internet Chess Club"]
[Date "2020.08.07"]
[Round "1"]
[White "Kyle2007"]
[Black "Ayushb"]
[Result "1-0"]
[ICCResult "Black resigns"]
[WhiteElo "1979"]
[BlackElo "1687"]
[Opening "Giuoco Piano"]
[ECO "C54"]
[NIC "IG.02"]
[Time "12:24:07"]
[TimeControl "3600+10"]

1. e4 e5 2. Nf3 Nc6 3. Bc4 Bc5 4. c3 Nf6 5. d4 exd4 6. cxd4 Bb4+ 7. Bd2 Nxe4
8. Bxb4 Nxb4 9. Bxf7+ Kxf7 10. Qb3+ d5 11. Qxb4 Re8 12. O-O Kg8 13. Nc3 c6
14. Rfe1 Qc7 15. Nxe4 Rxe4 16. Rxe4 dxe4 17. Ng5 Qf4 18. Qb3+ Kf8 19. Nxh7+
Ke7 20. Re1 Rb8 21. g3 Qf5 22. Qg8 Qg6 23. f3 Kd6 24. Qd8+ Ke6 25. Nf8+ Kf5
{Black resigns}
1-0

[Event "ICC tourney 1955 (60 10)"]
[Site "Internet Chess Club"]
[Date "2020.08.07"]
[Round "1"]
[White "amp1997"]
[Black "WR3311"]
[Result "1-0"]
[ICCResult "Black resigns"]
[WhiteElo "2107"]
[BlackElo "1848"]
[Opening "Petrov: classical attack"]
[ECO "C42"]
[NIC "RG.04"]
[Time "12:22:27"]
[TimeControl "3600+10"]

1. e4 e5 2. Nf3 Nf6 3. Nxe5 d6 4. Nf3 Nxe4 5. d4 d5 6. Be2 Be7 7. O-O O-O 8.
b3 Bf5 9. c4 Nd7 10. Bb2 Bb4 11. a3 Be7 12. Re1 Re8 13. Bd3 Ndf6 14. Ne5 Nd6
15. c5 Nde4 16. f3 Bf8 17. fxe4 dxe4 18. Bc4 Rxe5 19. dxe5 Bxc5+ 20. Kh1 Ng4
21. Qxd8+ Rxd8 22. h3 Nf2+ 23. Kh2 Nd1 24. Bc3 e3 25. Be2 {Black resigns}
1-0

[Event "ICC tourney 1955 (60 10)"]
[Site "Internet Chess Club"]
[Date "2020.08.07"]
[Round "1"]
[White "Almanac2050"]
[Black "ThunderingFish"]
[Result "1/2-1/2"]
[ICCResult "Game drawn by mutual agreement"]
[WhiteElo "1511"]
[BlackElo "1881"]
[Opening "Sicilian: Sozin attack"]
[ECO "B86"]
[NIC "SI.19"]
[Time "12:22:16"]
[TimeControl "3600+10"]

1. e4 c5 2. Nf3 e6 3. d4 cxd4 4. Nxd4 Nf6 5. Nc3 d6 6. Bc4 Be7 7. Bb3 O-O 8.
f3 Nc6 9. Be3 a6 10. Qd2 Na5 11. O-O-O Qc7 12. Kb1 b5 13. g4 Nc4 14. Bxc4
bxc4 15. Ka1 Bb7 16. Bf2 d5 17. e5 Nd7 18. f4 Bb4 19. Qe3 Nc5 20. h4 Qa5 21.
h5 Bxc3 {Game drawn by mutual agreement} 1/2-1/2

[Event "ICC tourney 1955 (60 10)"]
[Site "Internet Chess Club"]
[Date "2020.08.07"]
[Round "1"]
[White "Gfprasanna"]
[Black "VincentT2008"]
[Result "1-0"]
[ICCResult "Black resigns"]
[WhiteElo "2142"]
[BlackElo "1859"]
[Opening "Giuoco Pianissimo: Italian four knights variation"]
[ECO "C55"]
[NIC "IG.01"]
[Time "12:21:54"]
[TimeControl "3600+10"]

1. e4 e5 2. Nf3 Nc6 3. Bc4 Nf6 4. d3 Bc5 5. Nc3 d6 6. Be3 Bb6 7. h3 h6 8.
Bb3 O-O 9. O-O Na5 10. d4 Nxb3 11. axb3 Qe7 12. dxe5 dxe5 13. Bxb6 cxb6 14.
Nd5 Qd6 15. Nc3 Qe7 16. Qe2 Bd7 17. Rfd1 Bc6 18. Nd5 Bxd5 19. exd5 e4 20.
Nd4 Rfe8 21. c4 a6 22. Qe3 Nd7 23. Qg3 Ne5 24. Rd2 Rad8 25. Re1 Rd6 26. Nf5
Qf6 27. Nxd6 Qxd6 28. Rxe4 Qf6 29. Rde2 {Black resigns} 1-0

[Event "ICC tourney 1955 (60 10)"]
[Site "Internet Chess Club"]
[Date "2020.08.07"]
[Round "1"]
[White "jHanna"]
[Black "NK3"]
[Result "0-1"]
[ICCResult "White checkmated"]
[WhiteElo "1836"]
[BlackElo "2161"]
[Opening "Nimzo-Indian: classical variation"]
[ECO "E32"]
[NIC "NI.20"]
[Time "12:22:22"]
[TimeControl "3600+10"]

1. d4 Nf6 2. c4 e6 3. Nc3 Bb4 4. Qc2 O-O 5. a3 Bxc3+ 6. Qxc3 d5 7. Bg5 dxc4
8. e3 b5 9. a4 c6 10. Nf3 Nbd7 11. b3 cxb3 12. axb5 Ne4 13. Qa5 Nxg5 14.
Qxd8 Nxf3+ 15. gxf3 Rxd8 16. bxc6 Nb6 17. f4 Rd6 18. Bg2 Nd5 19. Rb1 Rb8 20.
O-O Rxc6 21. f5 Rc4 22. Rb2 a5 23. Ra1 a4 24. Bf1 Rc2 25. Rab1 Rxb2 26. Rxb2
a3 27. Rxb3 Rxb3 28. e4 a2 29. exd5 a1=Q 30. fxe6 Rb1 31. e7 Rxf1+ 32. Kg2
Rg1+ 33. Kf3 Qc3+ 34. Ke4 Rg4+ 35. Ke5 Qxd4+ 36. Kd6 Qb6+ 37. Ke5 f6#
{White checkmated}
0-1

[Event "ICC tourney 1955 (60 10)"]
[Site "Internet Chess Club"]
[Date "2020.08.07"]
[Round "1"]
[White "Sricharan07"]
[Black "movingkid"]
[Result "0-1"]
[ICCResult "White checkmated"]
[WhiteElo "1880"]
[BlackElo "1825"]
[Opening "Sicilian: Alapin's variation (2.c3)"]
[ECO "B22"]
[NIC "SI.47"]
[Time "12:22:24"]
[TimeControl "3600+10"]

1. e4 c5 2. c3 Nf6 3. e5 Nd5 4. d4 cxd4 5. cxd4 e6 6. Nf3 d6 7. Bc4 Nc6 8.
O-O Be7 9. Qe2 O-O 10. Rd1 Qc7 11. Bxd5 exd5 12. Nc3 Be6 13. Bf4 a6 14. exd6
Bxd6 15. Bxd6 Qxd6 16. Rac1 Bg4 17. a3 Rfe8 18. Qd3 Rad8 19. b4 Qf6 20. h3
Bxf3 21. Qxf3 Qxf3 22. gxf3 Rd6 23. Kg2 h5 24. Rd2 Na7 25. a4 Rc8 26. Rdc2
Rc4 27. Na2 Rxd4 28. Rc7 Nc6 29. Rxb7 Ne5 30. Rc3 Rg6+ 31. Kf1 Rd1+ 32. Ke2
Rgg1 33. Rc8+ Kh7 34. Ke3 Rge1+ 35. Kf4 Ng6+ 36. Kg5 Re5# {White checkmated}
0-1

[Event "ICC tourney 1955 (60 10)"]
[Site "Internet Chess Club"]
[Date "2020.08.07"]
[Round "1"]
[White "kptl132"]
[Black "davidbtn"]
[Result "0-1"]
[ICCResult "White resigns"]
[WhiteElo "2030"]
[BlackElo "2007"]
[Opening "French: exchange variation"]
[ECO "C01"]
[NIC "FR.01"]
[Time "12:22:46"]
[TimeControl "3600+10"]

1. e4 e6 2. d4 d5 3. exd5 exd5 4. Bd3 Bd6 5. Ne2 Nc6 6. Nbc3 Be6 7. O-O Qd7
8. Nb5 O-O-O 9. Nxd6+ Qxd6 10. Bf4 Qd7 11. c3 h6 12. b4 g5 13. Bg3 h5 14. b5
Na5 15. Qa4 b6 16. h4 gxh4 17. Bxh4 Ne7 18. Nc1 Rdg8 19. Re1 Rxg2+ 20. Kxg2
Bh3+ 21. Kh2 Qg4 22. Bg3 h4 23. Rg1 hxg3+ 24. Rxg3 Qh4 25. Kg1 Bg2
{White resigns}
0-1

[Event "ICC tourney 1955 (60 10)"]
[Site "Internet Chess Club"]
[Date "2020.08.07"]
[Round "1"]
[White "GenerousSW"]
[Black "TeeKay2020"]
[Result "0-1"]
[ICCResult "White resigns"]
[WhiteElo "1984"]
[BlackElo "1823"]
[Opening "French: Tarrasch, closed variation, main line"]
[ECO "C06"]
[NIC "FR.17"]
[Time "12:22:25"]
[TimeControl "3600+10"]

1. e4 e6 2. d4 d5 3. Nd2 Nf6 4. e5 Nfd7 5. Bd3 c5 6. c3 Nc6 7. Ne2 cxd4 8.
cxd4 f6 9. exf6 Nxf6 10. Nf3 Bd6 11. O-O Qc7 12. Bg5 O-O 13. Rc1 Ng4 14. Ng3
Bf4 15. Bxf4 Qxf4 16. Bb1 Bd7 17. Qd3 Qh6 18. h3 Nf6 19. Rfe1 g6 20. a3 Nh5
21. Nxh5 Qxh5 22. Ne5 Nxe5 23. Rxe5 Qh4 24. Qe3 Rac8 25. Rxc8 Rxc8 26. Bd3
Kg7 27. Rg5 Qh6 28. Qe5+ Kg8 29. Kh2 Qg7 30. Qe3 Qf6 31. Rg3 Rf8 32. Qh6 Qf4
33. Qxf4 Rxf4 34. Rg4 Rxf2 35. Rg3 Rxb2 36. h4 Bb5 37. Bxb5 Rxb5 38. h5 Kg7
39. hxg6 hxg6 40. Re3 Rb6 41. Kg3 Rc6 42. Kf4 Kf6 43. g4 g5+ 44. Kf3 Rc4 45.
Rd3 b5 46. Ke3 a5 47. Rb3 b4 48. axb4 axb4 49. Rb1 e5 50. Rf1+ Ke6 51. dxe5
Rxg4 52. Rf3 Kxe5 53. Kd3 Rf4 54. Re3+ Re4 55. Rh3 b3 56. Kc3 d4+ 57. Kd2
Re3 58. Rh8 b2 59. Rb8 Rh3 60. Kc2 Rh2+ 61. Kb1 d3 62. Rd8 d2 {White
resigns} 0-1

[Event "ICC tourney 1955 (60 10)"]
[Site "Internet Chess Club"]
[Date "2020.08.07"]
[Round "1"]
[White "bg26723"]
[Black "nboad"]
[Result "1-0"]
[ICCResult "Black resigns"]
[WhiteElo "2006"]
[BlackElo "1700"]
[Opening "Sicilian defense"]
[ECO "B30"]
[NIC "SI.31"]
[Time "12:22:01"]
[TimeControl "3600+10"]

1. e4 c5 2. Nf3 Nc6 3. c3 Nf6 4. e5 Nd5 5. d4 cxd4 6. cxd4 d6 7. exd6 Qxd6
8. Be2 g6 9. Nc3 Bg7 10. O-O O-O 11. h3 Bf5 12. a3 Rfd8 13. Bb5 Rac8 14. Bg5
h6 15. Bh4 g5 16. Bg3 Qd7 17. Re1 Nxc3 18. bxc3 a6 19. Bd3 Kf8 20. Ne5 Bxe5
21. Bxe5 f6 22. Bg3 Na5 23. Bxf5 Qxf5 24. Qh5 Rxc3 25. Qxh6+ Kf7 26. Qh5+
Qg6 27. Rxe7+ {Black resigns} 1-0

[Event "ICC tourney 1955 (60 10)"]
[Site "Internet Chess Club"]
[Date "2020.08.07"]
[Round "1"]
[White "adelie"]
[Black "peekaboopenguin"]
[Result "0-1"]
[ICCResult "White forfeits on time"]
[WhiteElo "1726"]
[BlackElo "1697"]
[Opening "English: Neo-Catalan declined"]
[ECO "A14"]
[NIC "RE.09"]
[Time "12:21:42"]
[TimeControl "3600+10"]

1. Nf3 d5 2. c4 e6 3. g3 Nf6 4. Bg2 Be7 5. O-O O-O 6. b3 b6 7. cxd5 exd5 8.
d4 Bb7 9. Bb2 Nbd7 10. Nc3 c5 11. e3 Rc8 12. Rc1 Ne4 13. Qe2 Ndf6 14. Rfd1
Nxc3 15. Bxc3 Ne4 16. Bb2 Qd6 {White forfeits on time} 0-1

[Event "ICC tourney 1955 (60 10)"]
[Site "Internet Chess Club"]
[Date "2020.08.07"]
[Round "1"]
[White "Knightoffaith"]
[Black "alkanet"]
[Result "0-1"]
[ICCResult "White resigns"]
[WhiteElo "1860"]
[BlackElo "2166"]
[Opening "Ruy Lopez: closed, 7...O-O"]
[ECO "C88"]
[NIC "RL.17"]
[Time "12:21:58"]
[TimeControl "3600+10"]

1. e4 e5 2. Nf3 Nc6 3. Bb5 a6 4. Ba4 Nf6 5. O-O Be7 6. Re1 b5 7. Bb3 O-O 8.
h3 Bb7 9. d3 d6 10. c3 Na5 11. Bc2 c5 12. Nbd2 Re8 13. Nf1 Bf8 14. Ng3 g6
15. Bg5 h6 16. Bc1 Bg7 17. d4 cxd4 18. cxd4 exd4 19. Nxd4 Nd7 20. b3 d5 21.
Bb2 Nc5 22. f3 Qg5 23. b4 Nc4 24. Bc1 Qxg3 25. bxc5 Bxd4+ {White resigns}
0-1

[Event "ICC tourney 1955 (60 10)"]
[Site "Internet Chess Club"]
[Date "2020.08.07"]
[Round "1"]
[White "rtahmass"]
[Black "DLWarrior"]
[Result "1-0"]
[ICCResult "Black resigns"]
[WhiteElo "2177"]
[BlackElo "1868"]
[Opening "French: Tarrasch, open variation"]
[ECO "C07"]
[NIC "FR.19"]
[Time "12:22:12"]
[TimeControl "3600+10"]

1. e4 e6 2. d4 d5 3. Nd2 c5 4. exd5 Qxd5 5. dxc5 Bxc5 6. Ngf3 Nc6 7. Bc4 Qd7
8. O-O Nf6 9. Nb3 Be7 10. Qe2 O-O 11. Bf4 a6 12. Rad1 Qe8 13. c3 b5 14. Bd3
Bb7 15. Bb1 Rd8 16. Qc2 Rxd1 17. Rxd1 Qa8 18. Bg5 g6 19. Qc1 Na7 20. Nbd4
Nc6 21. Nc2 e5 22. Ne3 e4 23. Bxf6 exf3 24. Nd5 Bxf6 25. Nxf6+ Kg7 26. Nh5+
Kh8 27. Qf4 f5 28. Qc7 Rg8 29. Rd7 {Black resigns} 1-0

[Event "ICC tourney 1955 (60 10)"]
[Site "Internet Chess Club"]
[Date "2020.08.07"]
[Round "1"]
[White "hursha6b5"]
[Black "Mulan2009"]
[Result "1-0"]
[ICCResult "Black checkmated"]
[WhiteElo "1926"]
[BlackElo "1597"]
[Opening "French: Tarrasch, open variation"]
[ECO "C07"]
[NIC "FR.19"]
[Time "12:21:37"]
[TimeControl "3600+10"]

1. e4 e6 2. d4 d5 3. Nd2 c5 4. exd5 Qxd5 5. Bc4 Qxd4 6. Ngf3 Qd8 7. O-O Nf6
8. Qe2 Bd6 9. Ne4 Nxe4 10. Qxe4 Nc6 11. Re1 Qc7 12. Bg5 a6 13. a4 Na5 14.
Bd3 Bd7 15. b3 Bc6 16. Qg4 Bxf3 17. Qxf3 Bxh2+ 18. Kh1 Be5 19. Rad1 h6 20.
Bd2 Nc6 21. Be4 O-O-O 22. Bxc6 bxc6 23. Rxe5 Qxe5 24. Qxc6+ Qc7 25. Qa8+ Qb8
26. Qc6+ Qc7 27. Qa8+ Kd7 28. Bg5+ Qd6 29. Rxd6+ Kxd6 30. Bxd8 Kd7 31. Qb7+
Kxd8 32. Qb8+ Ke7 33. Qxh8 Kf6 34. Qc8 Kg6 35. Qxa6 Kf6 36. Qc6 Kg6 37. a5
Kf6 38. a6 Kg6 39. a7 Kf6 40. a8=Q Kg6 41. Qe4+ Kf6 42. Qd8# {Black
checkmated} 1-0

[Event "ICC tourney 1955 (60 10)"]
[Site "Internet Chess Club"]
[Date "2020.08.07"]
[Round "1"]
[White "BreatheChessAls"]
[Black "tigertiger2019"]
[Result "1-0"]
[ICCResult "Black checkmated"]
[WhiteElo "1950"]
[BlackElo "1669"]
[Opening "Queen's pawn: London system"]
[ECO "A45"]
[NIC "QP.07"]
[Time "12:22:47"]
[TimeControl "3600+10"]

1. d4 Nf6 2. Bf4 g6 3. e3 Bg7 4. Nf3 O-O 5. Be2 d6 6. h3 Re8 7. O-O Nbd7 8.
c4 c5 9. Nc3 Nh5 10. Bg5 Nhf6 11. d5 h6 12. Bf4 Nb6 13. a4 a5 14. e4 Nfd7
15. Qd2 Kh7 16. Rfd1 Ra6 17. Re1 Na8 18. Rad1 Rb6 19. Nb5 Nc7 20. Qxa5 Bxb2
21. Bxh6 Na6 22. Qd2 Bf6 23. a5 Rxb5 24. cxb5 Nb4 25. b6 Ne5 26. Nxe5 Bxe5
27. Bf4 Bxf4 28. Qxf4 Nc2 29. Qxf7+ Kh6 30. Qf4+ g5 31. Qf3 g4 32. Qf4+ Kg6
33. Bd3 Nxe1 34. Rxe1 e5 35. dxe6 Bxe6 36. e5+ Kg7 37. Qe4 Qg5 38. Qh7+ Kf8
39. h4 Qg7 40. Qxg7+ Kxg7 41. Bb5 Rd8 42. exd6 Rxd6 43. a6 Rxb6 44. a7 Rxb5
45. a8=Q c4 46. Rxe6 c3 47. Qd8 Rf5 48. Qd4+ Kf7 49. Qd7+ Kg8 50. Rg6+ Kf8
51. Qxf5+ Ke8 52. Rg7 c2 53. Qc8# {Black checkmated} 1-0

[Event "ICC tourney 1955 (60 10)"]
[Site "Internet Chess Club"]
[Date "2020.08.07"]
[Round "1"]
[White "combusken1123"]
[Black "Leolix"]
[Result "1-0"]
[ICCResult "Black resigns"]
[WhiteElo "1718"]
[BlackElo "1896"]
[Opening "Sicilian: Najdorf, 6.Bg5"]
[ECO "B94"]
[NIC "SI.04"]
[Time "12:22:05"]
[TimeControl "3600+10"]

1. e4 c5 2. Nf3 d6 3. d4 cxd4 4. Nxd4 Nf6 5. Nc3 a6 6. Bg5 Nbd7 7. Qe2 Qc7
8. O-O-O b5 9. f4 Bb7 10. g3 b4 11. Nd5 Nxd5 12. exd5 Bxd5 13. Bg2 Bxg2 14.
Qxg2 Rc8 15. Rhe1 Nf6 16. Kb1 e6 17. Nf5 Qc5 18. g4 Nd7 19. Rd5 Qc6 20. Qd2
Nb6 21. Rxd6 Qc7 22. Rd1 f6 23. Rxe6+ Kf7 24. Rxb6 Bc5 25. Qd5+ Kf8 26. Rb7
Bd6 27. Rxc7 {Black resigns} 1-0

[Event "ICC tourney 1955 (60 10)"]
[Site "Internet Chess Club"]
[Date "2020.08.07"]
[Round "1"]
[White "cwelch231"]
[Black "Zues9393"]
[Result "0-1"]
[ICCResult "White resigns"]
[WhiteElo "1689"]
[BlackElo "1981"]
[Opening "Queen's pawn game"]
[ECO "A46"]
[NIC "EO.26"]
[Time "12:22:47"]
[TimeControl "3600+10"]

1. d4 Nf6 2. Nf3 c5 3. g3 g6 4. Bg2 Bg7 5. O-O O-O 6. c4 cxd4 7. Nxd4 Nc6 8.
Nc3 Nxd4 9. Qxd4 d6 10. a4 Be6 11. Qd3 Qc7 12. Nd5 Bxd5 13. cxd5 Nd7 14. Qa3
Nb6 15. Rd1 Rac8 16. Rb1 Qc2 17. Bf4 Qxa4 18. e4 Rc2 19. Qxa4 Nxa4 20. Rdc1
Rfc8 21. b3 Rxc1+ 22. Rxc1 Rxc1+ 23. Bxc1 Nc5 24. Be3 Nxb3 25. Bxa7 Bd4 26.
Bxd4 Nxd4 27. Kf1 g5 28. Ke1 g4 29. h3 h5 30. Kd2 e5 31. dxe6 fxe6 32. hxg4
hxg4 33. e5 d5 34. Ke3 Nc6 35. Kf4 b5 36. Kxg4 b4 37. Bf1 b3 38. Kf4 Nb4 39.
Bh3 Kf7 {White resigns} 0-1

[Event "ICC tourney 1955 (60 10)"]
[Site "Internet Chess Club"]
[Date "2020.08.07"]
[Round "1"]
[White "Boldmann"]
[Black "Chessking2008"]
[Result "0-1"]
[ICCResult "White resigns"]
[WhiteElo "1831"]
[BlackElo "2150"]
[Opening "Sicilian: dragon, Levenfish variation"]
[ECO "B71"]
[NIC "SI.15"]
[Time "12:34:46"]
[TimeControl "3600+10"]

1. e4 c5 2. Nf3 d6 3. d4 cxd4 4. Nxd4 Nf6 5. Nc3 g6 6. f4 Nc6 7. Nxc6 bxc6
8. e5 Nd7 9. exd6 exd6 10. Qd4 Qf6 11. Qxf6 Nxf6 12. Be3 Be7 13. Be2 O-O 14.
O-O-O Be6 15. Bf3 d5 16. Kb1 Rfe8 17. Na4 Bf5 18. Bc5 Bd8 19. Rhe1 Bc7 20.
g3 a5 21. Nc3 Bg4 22. Bxg4 Nxg4 23. h3 Nf6 24. Bf2 Nh5 25. Rxe8+ Rxe8 26.
Re1 Rxe1+ 27. Bxe1 f5 28. Bf2 Kf7 29. Kc1 g5 30. fxg5 Nxg3 31. Kd1 Kg6 32.
h4 Kh5 33. Ne2 Ne4 34. Be1 f4 35. Nd4 c5 36. Ne6 Be5 37. c3 f3 38. a4 c4 39.
Nf8 f2 40. Bxf2 Nxf2+ 41. Kc2 Ne4 42. Nxh7 Bg7 43. Nf6+ Nxf6 44. gxf6 Bxf6
45. b4 cxb3+ 46. Kxb3 Kxh4 47. c4 dxc4+ 48. Kxc4 Be7 49. Kd5 Kg4 50. Ke4 Bf8
51. Kd5 Kf4 52. Kd4 Bb4 53. Kd5 Ke3 54. Kc4 Kd2 55. Kb3 Kd3 56. Kb2 Kc4 57.
Kc2 Bf8 58. Kb2 Kb4 59. Ka2 Kxa4 60. Kb2 Kb4 61. Ka2 a4 62. Kb2 a3+ 63. Ka2
Bh6 64. Kb1 Kb3 65. Ka1 Bg5 66. Kb1 a2+ {White resigns} 0-1

[Event "ICC tourney 1955 (60 10)"]
[Site "Internet Chess Club"]
[Date "2020.08.07"]
[Round "1"]
[White "jairam09"]
[Black "carlsthe1"]
[Result "0-1"]
[ICCResult "White resigns"]
[WhiteElo "1819"]
[BlackElo "2124"]
[Opening "Queen's pawn: London system"]
[ECO "A45"]
[NIC "QP.07"]
[Time "12:22:27"]
[TimeControl "3600+10"]

1. d4 Nf6 2. Bf4 d5 3. e3 e6 4. Nd2 c5 5. c3 Bd6 6. Bxd6 Qxd6 7. Ngf3 Nc6 8.
Bd3 O-O 9. O-O e5 10. dxc5 Qxc5 11. e4 Bg4 12. Re1 Rad8 13. Qc2 Rfe8 14.
Rad1 d4 15. Nb3 Qb6 16. cxd4 Bxf3 17. gxf3 Nb4 18. Qb1 Nh5 19. d5 Nf4 20.
Bf1 Qg6+ 21. Kh1 Qh5 22. Re3 Rd6 23. h3 Nxh3 24. f4 Nxf2+ 25. Kg2 Nxd1 26.
Be2 Nxe3+ {White resigns} 0-1

[Event "ICC tourney 1955 (60 10)"]
[Site "Internet Chess Club"]
[Date "2020.08.07"]
[Round "1"]
[White "kapilank"]
[Black "zappower"]
[Result "0-1"]
[ICCResult "White resigns"]
[WhiteElo "1844"]
[BlackElo "1459"]
[Opening "Ruy Lopez: 5.O-O"]
[ECO "C78"]
[NIC "RL.12"]
[Time "12:23:27"]
[TimeControl "3600+10"]

1. e4 e5 2. Nf3 Nc6 3. Bb5 a6 4. Ba4 Nf6 5. O-O b5 6. Bb3 Bc5 7. c3 d6 8. h3
O-O 9. Re1 Bb6 10. a4 Bb7 11. d3 h6 12. Nbd2 Na5 13. Bc2 c5 14. Nf1 b4 15.
N3d2 d5 16. Ng3 Re8 17. exd5 Bxd5 18. Nde4 b3 19. Bb1 Bxe4 20. Nxe4 Nxe4 21.
Rxe4 f5 22. Re1 Qf6 23. Qf3 Rad8 24. g4 f4 25. Rd1 Bc7 26. Ra3 g6 27. Bd2 c4
28. Be1 e4 29. dxe4 Nc6 30. Qe2 f3 31. Qxc4+ Kh8 32. Qxb3 Qe5 33. Rxd8 Qh2+
{White resigns}
0-1

[Event "ICC tourney 1955 (60 10)"]
[Site "Internet Chess Club"]
[Date "2020.08.07"]
[Round "1"]
[White "Sahabangs"]
[Black "MateOnF7"]
[Result "0-1"]
[ICCResult "White resigns"]
[WhiteElo "1437"]
[BlackElo "1890"]
[Opening "Giuoco Piano"]
[ECO "C54"]
[NIC "IG.02"]
[Time "12:22:47"]
[TimeControl "3600+10"]

1. e4 e5 2. Nf3 Nc6 3. Bc4 Bc5 4. c3 Nf6 5. d3 O-O 6. Nbd2 Re8 7. O-O Bb6 8.
h3 d5 9. exd5 Nxd5 10. Ne4 h6 11. Nh2 Nf6 12. Nxf6+ Qxf6 13. Qh5 Be6 14.
Bxe6 Rxe6 15. Ng4 Qg6 16. Qxg6 Rxg6 17. Re1 Re6 18. Be3 h5 19. Bxb6 hxg4 20.
Be3 gxh3 21. gxh3 Rf8 22. Rad1 f5 23. d4 f4 24. Bd2 Rg6+ 25. Kf1 exd4 26.
cxd4 Nxd4 27. Bb4 Nf3 28. Bxf8 Rg1+ 29. Ke2 Rxe1+ 30. Rxe1 Nxe1 31. Kxe1
Kxf8 32. Ke2 Kf7 33. Kf3 g5 34. Kg4 Kf6 35. h4 gxh4 36. Kxf4 c5 37. Kg4 Ke5
38. Kxh4 Kf4 39. Kh3 Kf3 40. a3 b5 41. Kh4 b4 42. axb4 cxb4 43. Kg5 a5 44.
b3 a4 45. bxa4 b3 46. a5 b2 47. a6 b1=Q 48. a7 Qb7 {White resigns} 0-1

[Event "ICC tourney 1955 (60 10)"]
[Site "Internet Chess Club"]
[Date "2020.08.07"]
[Round "1"]
[White "Samuel-Colt"]
[Black "advaith06"]
[Result "0-1"]
[ICCResult "White resigns"]
[WhiteElo "1750"]
[BlackElo "2027"]
[Opening "Queen's pawn game"]
[ECO "E10"]
[NIC "QI.01"]
[Time "12:21:56"]
[TimeControl "3600+10"]

1. d4 Nf6 2. Nf3 e6 3. c4 d5 4. g3 Bb4+ 5. Nbd2 O-O 6. c5 c6 7. Bg2 Nbd7 8.
O-O e5 9. Nb3 exd4 10. Qxd4 Ba5 11. Nxa5 Qxa5 12. b4 Qd8 13. Bb2 Re8 14. a3
Rxe2 15. Rfd1 Nf8 16. Re1 Ne6 17. Qc3 Rxe1+ 18. Rxe1 Bd7 19. Ne5 Qf8 20. Bh3
Re8 21. Qd2 Nxc5 22. Bxd7 Ncxd7 23. Bd4 Nxe5 24. Bxe5 Ne4 25. Qb2 Ng5 26.
Re3 f6 27. Bd6 Qf7 28. Qe2 Rxe3 29. Qxe3 Qe6 30. Bb8 Qxe3 31. fxe3 a6 32. a4
Kf7 33. Kg2 Ke6 34. Ba7 Kf5 35. a5 Ke4 36. Bc5 Nf7 37. Kf2 Ne5 38. Bf8 g6
39. Bg7 Ng4+ 40. Kg2 Nxe3+ 41. Kg1 f5 {White resigns} 0-1

[Event "ICC tourney 1955 (60 10)"]
[Site "Internet Chess Club"]
[Date "2020.08.07"]
[Round "1"]
[White "anton555"]
[Black "leojiang"]
[Result "1/2-1/2"]
[ICCResult "Game drawn by mutual agreement"]
[WhiteElo "2051"]
[BlackElo "1872"]
[Opening "French: Winawer, advance, poisoned pawn variation"]
[ECO "C18"]
[NIC "FR.09"]
[Time "12:22:44"]
[TimeControl "3600+10"]

1. e4 e6 2. d4 d5 3. Nc3 Bb4 4. e5 Ne7 5. a3 Bxc3+ 6. bxc3 c5 7. Qg4 Kf8 8.
h4 Qa5 9. Bd2 Qa4 10. Rh3 Nbc6 11. Bd3 Nxe5 12. Qf4 Nxd3+ 13. cxd3 e5 14.
Qxe5 Bxh3 15. Nxh3 Qc6 16. dxc5 Qe6 17. Qxe6 fxe6 18. Ng5 e5 19. Rb1 Rb8 20.
d4 h6 21. Nf3 Nc6 22. dxe5 Ke7 23. Bf4 Ke6 24. Nd4+ Nxd4 25. cxd4 Rhc8 26.
Kd2 Rc6 27. Kd3 b6 28. cxb6 Rcxb6 29. Rxb6+ Rxb6 30. Bc1 a5 31. h5 Rb3+ 32.
Kc2 a4 33. f3 Kd7 34. Kd2 Ke6 {Game drawn by mutual agreement} 1/2-1/2

[Event "ICC tourney 1955 (60 10)"]
[Site "Internet Chess Club"]
[Date "2020.08.07"]
[Round "1"]
[White "checkninja"]
[Black "Zach-Ry"]
[Result "1-0"]
[ICCResult "Black resigns"]
[WhiteElo "1996"]
[BlackElo "1712"]
[Opening "Giuoco Piano"]
[ECO "C50"]
[NIC "IG.02"]
[Time "12:21:42"]
[TimeControl "3600+10"]

1. e4 e5 2. Nf3 Nc6 3. Bc4 Bc5 4. O-O Nf6 5. d3 O-O 6. h3 d6 7. c3 Be6 8.
Bb5 a6 9. Ba4 Bb6 10. Nbd2 h6 11. Re1 Nh7 12. Nf1 f5 13. Bb3 Qf6 14. exf5
Qxf5 15. Be3 d5 16. Bxb6 cxb6 17. Ng3 Qf6 18. Qe2 Ng5 19. Nxg5 Qxg5 20. Qe3
Qxe3 21. Rxe3 Rf4 22. d4 Raf8 23. f3 g5 24. dxe5 Rh4 25. Rd1 Ne7 26. Ne4
dxe4 27. Bxe6+ Kg7 28. Rd7 Re8 29. Rxb7 exf3 30. Rxf3 Rf4 {Black resigns}
1-0